 Dungeon Crawl Stone Soup version 0.25.1-1-g288607f5aa (webtiles) character file.

Game seed: 18075108922009847179

4354 Ijustatesigmund the Cleaver (level 10, -4/71 HPs)
             Began as an Octopode Fighter on July 23, 2020.
             Was a Follower of Cheibriados.
             Slain by a two-headed ogre
             ... wielding a +0 giant spiked club
              (16 damage)
             ... on level 8 of the Dungeon.
             The game lasted 00:20:55 (10357 turns).

Ijustatesigmund the Cleaver (Octopode Fighter)     Turns: 10357, Time: 00:20:56

Health: -4/71      AC:  5    Str: 17    XL:     10   Next: 34%
Magic:  8/11       EV: 13    Int: 19    God:    Cheibriados [*.....]
Gold:   397        SH: 15    Dex: 17    Spells: 9/9 levels left

rFire    . . .     SeeInvis .   a - +2 war axe
rCold    . . .     Gourm    .   b - +0 tower shield
rNeg     . . .     Faith    .   (helmet restricted)
rPois    .         Spirit   .   (no amulet)
rElec    .         Reflect  .   j - +4 ring of protection
rCorr    .         Harm     .   x - +6 ring of intelligence
MR       .....                  (no ring)
Stlth    ++++......             (no ring)
HPRegen  0.21/turn              (no ring)
MPRegen  0.12/turn              (no ring)
                                (no ring)
                                (no ring)

@: very slow
A: almost no armour, stealthy swim, amphibious, 8 rings, constrict 8, camouflage
1, gelatinous body 1
a: Bend Time, Renounce Religion


You were on level 8 of the Dungeon.
You worshipped Cheibriados.
Cheibriados was aware of your devotion.
You were hungry.

You visited 2 branches of the dungeon, and saw 9 of its levels.

You collected 469 gold pieces.
You spent 72 gold pieces at shops.

Inventory:

Hand Weapons
 a - a +2 war axe (weapon)
 w - a +0 broad axe
Missiles
 e - 4 javelins
 i - a throwing net
 u - 3 curare-tipped darts (quivered)
Armour
 b - a +0 tower shield (worn)
Jewellery
 j - a +4 ring of protection (left tentacle)
 n - an uncursed ring of ice
 x - a +6 ring of intelligence (right tentacle)
Wands
 r - a wand of clouds (2)
 v - a wand of random effects (12)
 y - a wand of polymorph (13)
Scrolls
 g - 6 scrolls of remove curse
 h - a scroll of fear
 m - 4 scrolls of identify
 q - 3 scrolls of teleportation
 t - a scroll of holy word
Potions
 c - 2 potions of might
 f - a potion of haste
 k - 2 potions of magic
 l - 4 potions of curing
 o - a potion of resistance
 p - a potion of lignification
 s - a potion of flight
Comestibles
 d - 11 rations


   Skills:
 + Level 7.5 Fighting
 + Level 9.7 Axes
 + Level 6.1 Dodging
 - Level 6.1 Stealth
 + Level 6.0 Shields
 + Level 1.9 Invocations


You had 9 spell levels left.
You didn't know any spells.
Your spell library contained the following spells:

 Spells                   Type           Power        Failure   Level  Hunger
 Magic Dart               Conj           #...         94%         1    ##.....
 Searing Ray              Conj           #.....       98%         2    ###....
 Confusing Touch          Hex            #.......     100%        3    ####...
 Dazzling Flash           Conj/Hex       #.....       100%        3    ####...
 Gell's Gravitas          Tloc           #.........   100%        3    ####...
 Fulminant Prism          Conj/Hex       #.........   100%        4    #####..
 Iskenderun's Mystic Bla  Conj/Tloc      #.......     100%        4    #####..
 Petrify                  Tmut/Erth      #.......     100%        4    #####..
 Metabolic Englaciation   Hex/Ice        #.........   100%        5    ######.
 Yara's Violent Unravell  Hex/Tmut       #.........   100%        5    ######.


Dungeon Overview and Level Annotations

Branches:
Dungeon (8/15)             Temple (1/1) D:7
   Lair: D:8-11

Altars:
Ashenzari
Cheibriados
Dithmenos
Makhleb
Nemelex Xobeh
Sif Muna
Trog
Wu Jian
Xom
The Shining One

Shops:
D:5 *   D:7 (

Annotations:
D:4 2 transporters, exaltech's ghost, weakling GrEE


Innate Abilities, Weirdness & Mutations

You cannot wear most types of armour.
You are very stealthy in the water. (Stealth+)
You are amphibious.
You can wear up to eight rings at the same time.
You can use your tentacles to constrict eight enemies at once.
Your skin changes colour to match your surroundings (Stealth+).
Your rubbery body absorbs attacks. (AC +1, EV +1)


Message History

The two-headed ogre resists with some effort.
You are feeling hungry.
You block the two-headed ogre's attack. x2
You hit the two-headed ogre.
The two-headed ogre is heavily wounded.
You hit the two-headed ogre but do no damage.
You squeeze the two-headed ogre!
The two-headed ogre is severely wounded.
You block the two-headed ogre's attack. x2
You hit the two-headed ogre.
The two-headed ogre is severely wounded.
The two-headed ogre hits you with a +0 giant spiked club!
* * * LOW HITPOINT WARNING * * *
You block the two-headed ogre's attack.
You hit the two-headed ogre but do no damage.
The two-headed ogre is severely wounded.
The two-headed ogre hits you with a +0 giant spiked club!
* * * LOW HITPOINT WARNING * * *
The two-headed ogre hits you with a +0 giant spiked club!
You die...

###....(.........#..#
##..............#...
##................#
#............
#.....).####.#
##:.....# #.#
###......# #..#
#.......O#...
#.......@.#.#
#............#
#..........###
#.........##
#.........#######
#...............#
#...............|
#................
#........#.......


You could see a two-headed ogre.

Vanquished Creatures
  Pikel (D:5)
  Prince Ribbit (D:6)
  2 hippogriffs (D:8)
  Sigmund (D:6)
  A hungry ghost (D:7)
  A water moccasin (D:6)
  2 black bears
  3 slaves (D:5)
  A sky beast (D:7)
  3 orc warriors
  An ogre (D:5)
  9 centaurs
  2 big kobolds (D:7)
  2 bullfrogs
  A gnoll sergeant (D:3)
  3 scorpions
  5 crimson imps
  5 hounds
  2 bullfrog skeletons
  2 orc priests
  3 orc wizards
  A centaur skeleton (D:7)
  4 iguanas
  6 worker ants
  A howler monkey zombie (D:6)
  11 gnolls
  A howler monkey skeleton (D:8)
  10 adders
  4 shadow imps
  An ooze (D:2)
  2 worms
  2 dart slugs
  3 leopard geckos
  23 orcs
  2 bats
  3 giant cockroaches
  10 hobgoblins
  4 jackals (D:3)
  20 kobolds
  3 quokkas
  2 ball pythons
  4 goblins (D:2)
  A jackal zombie (D:8)
  A quokka skeleton (D:5)
  6 rats
176 creatures vanquished.

Vanquished Creatures (others)
  A frilled lizard (D:5)
1 creature vanquished.

Grand Total: 177 creatures vanquished

Notes
Turn   | Place    | Note
-------+----------+-------------------------------------------
     0 | D:1      | Ijustatesigmund the Octopode Fighter began the quest for
                  | the Orb.
     0 | D:1      | Reached XP level 1. HP: 16/16 MP: 1/1
   204 | D:1      | You fall into a shaft and drop 1 floor!
   204 | D:2      | Found a sparkling altar of Nemelex Xobeh.
   219 | D:2      | Reached XP level 2. HP: 9/21 MP: 2/2
   547 | D:2      | Reached XP level 3. HP: 24/26 MP: 3/3
  1258 | D:2      | Reached skill level 3 in Axes
  1403 | D:2      | Reached XP level 4. HP: 26/31 MP: 4/4
  2310 | D:3      | Found a shimmering altar of Xom.
  2318 | D:3      | Found a shimmering altar of Xom.
  2321 | D:3      | Found a shimmering altar of Xom.
  2323 | D:3      | Reached XP level 5. HP: 34/36 MP: 5/5
  2324 | D:3      | Found a shimmering altar of Xom.
  2329 | D:3      | Found a shimmering altar of Xom.
  2500 | D:3      | Found a shimmering blue altar of Sif Muna.
  3327 | D:3      | Reached skill level 4 in Axes
  3327 | D:3      | Reached XP level 6. HP: 18/43 MP: 6/6
  4229 | D:4      | Reached XP level 7. HP: 48/49 MP: 7/7
  4280 | D:4      | Reached skill level 5 in Axes
  4317 | D:4      | Found a burning altar of Makhleb.
  4612 | D:4      | Found a transporter.
  4613 | D:4      | Found a transporter.
  4613 | D:4      | Noticed exaltech's ghost (weakling GrEE)
  4619 | D:4      | Identified the +4 dire flail "Hydraslayer" {vorpal, Str+4}
  4697 | D:5      | Entered Level 5 of the Dungeon
  5099 | D:5      | Noticed Pikel
  5229 | D:5      | Killed Pikel
  5229 | D:5      | Reached skill level 5 in Fighting
  5229 | D:5      | Reached skill level 6 in Axes
  5229 | D:5      | Reached skill level 5 in Dodging
  5229 | D:5      | Reached skill level 5 in Shields
  5229 | D:5      | Reached XP level 8. HP: 55/55 MP: 8/8
  5290 | D:5      | Found Liuhaosk's General Store.
  5312 | D:5      | Bought a potion of heal wounds for 60 gold pieces
  5312 | D:5      | Bought a scroll of noise for 12 gold pieces
  5896 | D:6      | Reached skill level 1 in Stealth
  6142 | D:6      | Reached skill level 7 in Axes
  6507 | D:6      | Noticed Prince Ribbit
  6871 | D:6      | Reached XP level 9. HP: 45/62 MP: 9/9
  7177 | D:6      | Killed Prince Ribbit
  7177 | D:6      | Reached skill level 8 in Axes
  7440 | D:6      | Found a shattered altar of Ashenzari.
  7659 | D:6      | Noticed Sigmund
  7667 | D:6      | Killed Sigmund
  7667 | D:6      | Reached skill level 5 in Stealth
  8095 | D:7      | Reached skill level 9 in Axes
  8727 | D:7      | Found Gauhy's Weapon Shoppe.
  8753 | D:7      | Reached XP level 10. HP: 65/71 MP: 10/10
  9065 | D:7      | Found a staircase to the Ecumenical Temple.
  9181 | Temple   | Entered the Ecumenical Temple
  9198 | Temple   | Became a worshipper of Cheibriados the Contemplative
  9633 | D:8      | Reached skill level 1 in Invocations
  9981 | D:8      | Found a bloodstained altar of Trog.
 10072 | D:8      | Reached * piety under Cheibriados
 10075 | D:8      | Noticed a two-headed ogre
 10357 | D:8      | Slain by a two-headed ogre

Illustrated notes

Levels and vault maps discovered:
D:1:      dpeg_arrival_rooms_c, layout_loops_cross
D:2:      layout_basic, nicolae_overflow_crystal_walls, guppyfry_early_orc_mine
D:3:      layout_loops_cross, xom_redecorated, lemuel_round_altar,
          nicolae_overflow_hidden_temple
D:4:      layout_cave_pools, bloody_makhleb, gammafunk_ghost_smash
D:5:      layout_basic, first_ration, serial_shops, shop, serial_bayou_pond_a,
          uniq_pikel
D:6:      layout_basic, ashenzari_conservatory_becter, minmay_door_square,
          kennysheep_crisscross, centaur_isle, uniq_sigmund, uniq_prince_ribbit1
D:7:      layout_loops_corners, minmay_temple_entry_sparse_star, serial_shops,
          shop, kennysheep_generic_room_12
D:8:      layout_rooms, trog_eyes_of_draining, hangedman_little_slice_of_home,
          trog_three_pillars_becter
Temple:   jpeg_temple_clearing

Skill      XL: |  1  2  3  4  5  6  7  8  9 10 |
---------------+-------------------------------+-----
Axes           | 3 4 6 7 9 |  9.7
Fighting       | 4 5 7 |  7.5
Dodging        | 4 5 6 |  6.1
Shields        | 4 5 6 |  6.0
Stealth        | 2 6 |  6.1
Invocations    | 1 |  1.9

Action                   |  1- 3 |  4- 6 |  7- 9 | 10-12 || total
-------------------------+-------+-------+-------+-------++-------
Melee: War axe           |    45 |   100 |   190 |    75 ||   410
       Constrict         |    11 |    30 |    42 |    14 ||    97
       Tentacles         |     4 |    19 |    51 |    22 ||    96
Throw: Javelin           |     2 |     9 |    11 |       ||    22
       Dart              |       |       |     8 |       ||     8
       Throwing net      |       |       |     1 |       ||     1
Invok: Bend Time         |       |       |       |     1 ||     1
Evoke: Wand              |       |       |     2 |       ||     2
  Use: Scroll            |       |     9 |     3 |     4 ||    16
       Potion            |       |     3 |     1 |     2 ||     6
 Stab: Sleeping          |     3 |     3 |     8 |     4 ||    18
       Confused          |       |       |     2 |       ||     2
       Distracted        |       |       |     1 |     1 ||     2
  Eat: Chunk             |     1 |     8 |    12 |     5 ||    26
       Ration            |       |       |     2 |       ||     2
Armor: Skin              |     3 |     7 |    28 |    13 ||    51
Dodge: Dodged            |    25 |    47 |   100 |    36 ||   208
Block: Kite shield       |    19 |    64 |    91 |    11 ||   185
       Tower shield      |       |       |       |    49 ||    49
